 Dungeon Crawl Stone Soup version 0.28-a0-628-g3c9886e45e (webtiles) character file.

Game seed: 13146940155875834673

2228 mordus the Cleaver (level 9, 0/70 HPs)
             Began as a Hill Orc Fighter on Oct 8, 2021.
             Was an Initiate of Beogh.
             Slain by an unseen horror (4 damage)
             ... on level 7 of the Dungeon.
             The game lasted 00:08:55 (6680 turns).

mordus the Cleaver (Hill Orc Fighter)               Turns: 6680, Time: 00:08:56

Health: 0/70       AC: 11    Str: 22    XL:     9   Next: 36%
Magic:  9/9        EV: 10    Int:  8    God:    Beogh [......]
Gold:   419        SH:  5    Dex: 10    Spells: 8/8 levels left

rFire   . . .      SeeInvis .   a - +2 war axe (vorpal)
rCold   . . .      Faith    .   c - +0 buckler
rNeg    . . .      Spirit   .   b - +0 scale mail
rPois   .          Reflect  .   h - +2 helmet
rElec   .          Harm     .   (no cloak)
rCorr   .          Rampage  .   (no gloves)
Will    +....                   (no boots)
Stlth   ..........              (no amulet)
HPRegen 0.21/turn               g - ring of willpower
MPRegen 0.11/turn               (no ring)

@: no status effects
A: no striking features
a: Renounce Religion


You were on level 7 of the Dungeon.
You worshipped Beogh.
Beogh was noncommittal.
You visited 1 branch of the dungeon, and saw 7 of its levels.

You collected 419 gold pieces.

Inventory:

Hand Weapons
 a - a +2 vorpal war axe (weapon)
Armour
 b - a +0 scale mail (worn)
 c - a +0 buckler (worn)
 h - a +2 helmet (worn)
 o - a +1 plate armour of cold resistance
 p - a +1 chain mail
Jewellery
 g - a ring of willpower (left hand)
 r - a ring of magical power
Wands
 k - a wand of flame (14)
 l - a wand of polymorph (10)
 s - a wand of iceblast (6)
Scrolls
 e - 2 scrolls of teleportation
 f - a scroll of noise
 i - a scroll of identify
 j - a scroll of torment {unknown}
 n - 3 scrolls of enchant armour
Potions
 d - a potion of might
 m - a potion of heal wounds
 t - a potion of curing


   Skills:
 - Level 3.6 Fighting
 * Level 11.5 Axes
 + Level 7.4 Armour
 + Level 7.4 Shields


You had 8 spell levels left.
You didn't know any spells.
Your spell library contained the following spells:

 Spells                   Type           Power      Damage    Failure   Level
 Passwall                 Tmut/Erth      0%         N/A       83%         2
 Static Discharge         Conj/Air       0%         N/A       83%         2
 Swiftness                Air            0%         N/A       97%         3
 Lightning Bolt           Conj/Air       0%         1d11      100%        5
 Invisibility             Hex            0%         N/A       100%        6
 Maxwell's Capacitive Co  Air            0%         ∞         100%        8


Dungeon Overview and Level Annotations

Branches:
Dungeon (7/15)
 Temple: D:4-7

Altars:
Elyvilon
Qazlal
Sif Muna
Vehumet
Zin
The Shining One


Message History

You miss Prince Ribbit.
Prince Ribbit is heavily wounded.
You block Prince Ribbit's attack. x2
You miss Prince Ribbit.
Prince Ribbit is heavily wounded.
Prince Ribbit barely misses you.
You hit Prince Ribbit.
Prince Ribbit is severely wounded.
Prince Ribbit hits you but does no damage.
You barely miss Prince Ribbit.
Prince Ribbit is severely wounded.
Prince Ribbit barely misses you. Prince Ribbit closely misses you.
You miss Prince Ribbit.
Prince Ribbit is severely wounded.
Prince Ribbit completely misses you.
You slash Prince Ribbit!
You kill Prince Ribbit!
Beogh accepts your kill.
No target in view!
No target in view!
No target in view!
A howler monkey comes into view.
The howler monkey howls!
You hear a shout!
The howler monkey moves out of view.
The howler monkey hoots and howls with incredible vigour!
You hear a bellow!
You hear two shouts!
You hear a shout! x2
A yak and a deep elf pyromancer come into view.
Found five items.
The deep elf pyromancer shouts!
The yak bellows!
You hear a shout!
A gnoll sergeant comes into view.
It is wielding a +3 spear of venom and wearing the ring of Niahe {rElec rCorr SInv}.
The howler monkey closely misses you. Something hits you.
Deactivating autopickup; reactivate with Ctrl-A.
A deep elf pyromancer comes into view. It is wielding a +0 short sword.
The deep elf pyromancer casts a spell at you.
The bolt of fire hits you!!
* * * LOW HITPOINT WARNING * * *
A hornet zombie comes into view.
Something hits you.
You die...

...######............##
##..##.[..##........#
........####.......#
.........###.......#
.#(..(....##.......##
.#......#...........#
.##########........#.#
#.........# #
!.$...###@###
#....##..#.h#
#...##..#.#(.#
...##..##.##..# #..#..#
.. #..# #Z#


e)) #..# ..# ..)# #.# .# ##.)e ..# ##.. .# You could see a howler monkey and a
hornet zombie.

Vanquished Creatures
  Prince Ribbit (D:7)
  Eustachio (D:5)
  Edmund (D:6)
  2 water moccasins (D:5)
  2 hornet zombies
  A sky beast (D:6)
  A black bear (D:5)
  4 ogres
  2 centaurs (D:5)
  A phantom (D:5)
  A gnoll sergeant (D:6)
  A bullfrog (D:6)
  3 hounds
  A jelly (D:5)
  A centaur skeleton (D:6)
  An orc wizard (D:3)
  A killer bee zombie (D:5)
  A hound skeleton (D:5)
  A howler monkey zombie (D:6)
  12 gnolls
  3 adders
  2 shadow imps
  2 white imps
  An ufetubus (D:4)
  3 worms
  A dart slug (D:2)
  15 orcs
  10 ball pythons
  8 endoplasms
  2 giant cockroaches
  8 goblins
  4 hobgoblins
  4 jackals (D:1)
  6 kobolds
  6 quokkas
  3 bats
  2 frilled lizards
  3 rats
122 creatures vanquished.

Vanquished Creatures (others)
  6 demonic plants (D:2)
  4 fungi (D:2)
  5 plants (D:2)
  4 withered plants (D:2)
19 creatures vanquished.

Grand Total: 141 creatures vanquished

Notes
Turn   | Place    | Note
-------+----------+-------------------------------------------
     0 | D:1      | mordus the Hill Orc Fighter began the quest for the Orb.
     0 | D:1      | Reached XP level 1. HP: 19/19 MP: 1/1
    65 | D:1      | Reached skill level 3 in Axes
   179 | D:1      | Reached XP level 2. HP: 26/26 MP: 2/2
   331 | D:1      | Reached XP level 3. HP: 31/31 MP: 3/3
   585 | D:1      | Reached skill level 4 in Axes
   816 | D:1      | Reached XP level 4. HP: 6/39 MP: 4/4
  1328 | D:2      | Found a faded altar of an unknown god.
  1519 | D:2      | Reached skill level 5 in Axes
  1969 | D:3      | Reached XP level 5. HP: 31/45 MP: 5/5
  2595 | D:3      | Found a stormy altar of Qazlal.
  3150 | D:4      | Found a radiant altar of Vehumet.
  3256 | D:4      | Reached skill level 6 in Axes
  3256 | D:4      | Reached XP level 6. HP: 51/51 MP: 6/6
  3351 | D:4      | Found a white marble altar of Elyvilon.
  3353 | D:4      | Found a glowing golden altar of the Shining One.
  3357 | D:4      | Found a shimmering blue altar of Sif Muna.
  3472 | D:5      | Entered Level 5 of the Dungeon
  3620 | D:5      | Noticed a water moccasin
  3629 | D:5      | Killed a water moccasin
  3630 | D:5      | Reached skill level 7 in Axes
  3630 | D:5      | Reached skill level 5 in Armour
  3630 | D:5      | Reached skill level 5 in Shields
  3630 | D:5      | Reached XP level 7. HP: 52/57 MP: 7/7
  3939 | D:5      | Reached skill level 8 in Axes
  4233 | D:5      | Noticed Eustachio
  4239 | D:5      | Killed Eustachio
  4240 | D:5      | Reached XP level 8. HP: 53/64 MP: 8/8
  4538 | D:5      | Reached skill level 9 in Axes
  5056 | D:6      | Found a glowing silver altar of Zin.
  5213 | D:6      | Reached skill level 10 in Axes
  5346 | D:6      | Noticed Edmund
  5720 | D:6      | Reached XP level 9. HP: 62/70 MP: 9/9
  5982 | D:6      | Became a worshipper of Beogh the Brigand
  6115 | D:6      | Reached skill level 11 in Axes
  6378 | D:6      | Identified the +3 robe "Miudweann" {-Cast rF+ Dex+3}
  6452 | D:6      | Killed Edmund
  6564 | D:7      | Noticed Prince Ribbit
  6648 | D:7      | Identified the +0 robe of the Ditch-Digger {rF- rC++ Str+5}
  6673 | D:7      | Killed Prince Ribbit
  6677 | D:7      | Noticed a deep elf pyromancer
  6677 | D:7      | Identified the ring of Niahe {rElec rCorr SInv}
  6679 | D:7      | Noticed a deep elf pyromancer
  6680 | D:7      | Slain by an unseen horror

Illustrated notes

Levels and vault maps discovered:
D:1:      scummos_arrival_checkerplants, layout_basic
D:2:      layout_basic, shapermc_ecumenical_altar_gd, minmay_tetromino_o2
D:3:      layout_loops_cross, nicolae_qazlal_scattered_showers,
          patterned_corridor
D:4:      layout_cave_pools, nicolae_vehumet_radiance,
          grunt_temple_overflow_diamond
D:5:      cheibrodos_helix_gallery, layout_loops_ring, hex_tiny,
          hangedman_decor_clover_reticule, feat_on_display, uniq_eustachio
D:6:      layout_basic, amcnicky_altar_gilded, cheibrodos_sewer_entry_bend,
          uniq_edmund
D:7:      minmay_the_grid_octo_triangle [minmay_the_grid_octo_teeth,
          minmay_the_grid_octo_prize_star, minmay_the_grid_octo_fan_narrow],
          layout_rooms, minmay_temple_entry_junction, grunt_decor_one_mirror,
          minivault_25, minmay_misc_feat_columns, uniq_prince_ribbit1

Skill      XL: |  1  2  3  4  5  6  7  8  9 |
---------------+----------------------------+-----
Axes           | 3 4 5 6 7 8 10 11 | 11.5
Shields        | 4 5 6 7 |  7.4
Armour         | 4 5 6 7 |  7.4
Fighting       | |  3.6

Action                   |  1- 3 |  4- 6 |  7- 9 || total
-------------------------+-------+-------+-------++-------
Melee: War axe           |    67 |   177 |   185 ||   429
Invok: Convert to Beogh  |       |       |     1 ||     1
  Use: Potion            |       |     2 |     1 ||     3
       Scroll            |       |       |    12 ||    12
Armor: Scale mail        |    34 |    89 |    82 ||   205
Dodge: Dodged            |    27 |    81 |    72 ||   180
Block: Buckler           |    16 |    32 |    35 ||    83

Table legend: (Time is in decaauts)
 A = Elapsed time spent in this place.
 B = Non-inter-level travel time spent in this place.
 C = Inter-level travel time spent in this place.
 D = Time resting spent in this place.
 E = Time spent auto-exploring this place.
 F = Levels seen in this place.
 G = Mean time per level.
                   A        B        C        D        E       F      G
               +--------+--------+--------+--------+--------+-----+--------+
         Total |   6766 |   6672 |     94 |   1680 |   3945 |   7 |  966.6 |
       Dungeon |   6766 |   6672 |     94 |   1680 |   3945 |   7 |  966.6 |
               +--------+--------+--------+--------+--------+-----+--------+

Top non-repeatable levels by time:
     D:6: 1745 daAuts
     D:5: 1328 daAuts
     D:3: 1031 daAuts
     D:1: 1010 daAuts
     D:2: 987 daAuts
     D:4: 499 daAuts
     D:7: 163 daAuts
